 Dungeon Crawl Stone Soup version 0.26-a0-712-ga5a9c9c9d0 (webtiles) character file.

Game seed: 5467809331104288351

13299 Azzok the Fighter (level 11, -43/89 HPs)
             Began as a Demonspawn Berserker on Nov 6, 2020.
             Was a High Priest of Trog.
             Killed from afar by Frances (59 damage)
             ... with an iron shot
             ... on level 12 of the Dungeon.
             The game lasted 00:23:08 (14310 turns).

Azzok the Fighter (Demonspawn Berserker)           Turns: 14310, Time: 00:23:09

Health: -43/89     AC: 19    Str: 20    XL:     11   Next: 73%
Magic:  11/11      EV: 14    Int:  9    God:    Trog [*****.]
Gold:   876        SH:  5    Dex: 17    Spells: 10/10 levels left

rFire    . . .     SeeInvis .   f - +1 war axe (flame)
rCold    . . .     Faith    .   o - +0 buckler
rNeg     . . .     Spirit   .   A - +0 plate armour
rPois    +         Reflect  .   n - +0 helmet
rElec    .         Harm     .   E - +0 cloak {rPois}
rCorr    .         Rampage  .   b - +0 pair of gloves
MR       +++..                  w - +0 pair of boots
Stlth    ..........             (no amulet)
HPRegen  1.24/turn              y - +4 ring of evasion
MPRegen  0.12/turn              F - ring of protection from magic

@: berserk cooldown, regenerating, slowed, very slow
A: claws 2, thin skeletal structure 2, demonic guardian 1, powered by death 1
a: Berserk, Trog's Hand, Brothers in Arms, Renounce Religion


You were on level 12 of the Dungeon.
You worshipped Trog.
Trog was extremely pleased with you.
You visited 1 branch of the dungeon, and saw 12 of its levels.
You also visited: Ossuary.

You collected 876 gold pieces.

Inventory:

Hand Weapons
 a - a +0 hand axe
 e - a +3 scythe of venom
 f - a +1 war axe of flaming (weapon)
 B - the +4 battleaxe of Starshine {freeze, rElec MR- Stlth+}
   (You found it on level 8 of the Dungeon)

   It has been specially enchanted to freeze those struck by it, causing extra
   injury to most foes and up to half again as much damage against particularly
   susceptible opponents.
   It can also slow down cold-blooded creatures.
   It insulates you from electricity.
   It affects your resistance to hostile enchantments.
   It makes you more stealthy.
 G - a +5 antimagic battleaxe
Armour
 b - a +0 pair of gloves (worn)
 n - a +0 helmet (worn)
 o - a +0 buckler (worn)
 w - a +0 pair of boots (worn)
 A - a +0 plate armour (worn)
 E - a +0 cloak of poison resistance (worn)
Jewellery
 y - a +4 ring of evasion (left hand)
 C - an uncursed amulet of guardian spirit {unknown}
 F - a ring of protection from magic (right hand)
Wands
 D - a wand of random effects (18)
Scrolls
 g - a scroll of torment {unknown}
 i - 7 scrolls of enchant armour
 j - 7 scrolls of teleportation
 k - 2 scrolls of fog
 r - 2 scrolls of blinking
 x - a scroll of magic mapping
 z - 5 scrolls of remove curse
 H - a scroll of identify
Potions
 c - a potion of cancellation
 d - 2 potions of might
 h - 3 potions of resistance {unknown}
 l - a potion of haste
 m - 2 potions of heal wounds
 p - 7 potions of curing
 q - a potion of invisibility
 s - 3 potions of stabbing
 t - 2 potions of magic
 u - 2 potions of flight
 v - 4 potions of lignification


   Skills:
 + Level 9.2 Fighting
 - Level 9.1 Axes
 + Level 8.1 Armour
 + Level 8.2 Dodging
 - Level 4.0 Shields
 + Level 5.1 Unarmed Combat


You had 10 spell levels left.
You didn't know any spells.
Your spell library was empty.

Dungeon Overview and Level Annotations

Branches:
Dungeon (12/15)            Temple (0/1) D:5            Lair (0/6) D:9
    Orc (0/2) D:10        Ossuary (visited)

Altars:
Ashenzari
Kikubaaqudgha
Makhleb
Uskayaw
Xom
Zin

Shops:
D:4 **   D:6 (   D:9 (*   D:11 (

Annotations:
D:4 1 runed translucent door, kae's ghost, amateur NaTm
D:7 3 runed translucent doors, Asymodius's ghost, novice DsFi
D:12 Frances


Innate Abilities, Weirdness & Mutations

You have very sharp fingernails.
You have a moderately thin skeletal structure. (Dex +4, Stealth+)
A weak demonic guardian rushes to your aid.
You regenerate a little health from kills.


Message History

* * * LOW HITPOINT WARNING * * *
Your shadow imp hits Frances.
Frances hits your shadow imp with a +0 glaive!!
Your shadow imp dies!
Frances mutters in a terrible tongue.
The shard of ice misses you.
Frances mutters in a terrible tongue.
The shard of ice hits you!
* * * LOW HITPOINT WARNING * * *
Frances whispers indecipherable words.
The shard of ice misses you.
Frances is no longer moving quickly.
Frances whispers indecipherable words.
Frances seems to speed up.
Your skin crawls.
You feel resistant to hostile enchantments.
Frances mutters in a terrible tongue.
The iron shot hits you!!!
Ouch! That really hurt!
You die...

·····>···▒ ▒▒▒▒·▒▒ ▒·▒ ·········▒
▒····▒ ▒·▒ ▒ ········<▒
▒····▒▒▒▒·▒ ▒ ··†······▒
▒▒·········▒▒▒▒▒▒
▒·······▒▒▒▒▒▒▒▒▒····▒▒▒▒▒·······
▒▒·····▒▒····▒▒····▒▒▒ ▒·▒▒▒···
▒▒··▒▒▒▒·····÷··▒▒▒ ▒·▒···▒· ▒·▒▒
▒····))·▒▒ ▒▒▒▒▒▒·▒·▒▒·· ▒·▒
▒····▒▒▒@▒▒▒▒········▒··· ▒▒·▒
▒···)▒▒···@···▒▒▒▒▒····▒▒ ▒··▒
▒····▒····)l·▒▒ ▒▒···▒▒▒ ▒·▒▒
▒····▒·▒▒·▒▒3·▒ ▒···▒▒ ▒▒·▒
▒····▒·▒··▒▒▒·▒▒▒·▒·▒ ···▒
▒▒▒▒▒▒[(·▒▒ ▒·····▒·▒ ·▒▒▒ ▒··▒▒
▒··h··▒·▒ ▒▒ ▒▒▒▒··▒ ▒···▒▒▒·▒·▒
▒▒▒ ▒▒▒▒·····▒ ▒·▒▒▒ ▒···▒


You could see Frances (fast), a sun demon (summoned), a basilisk and a howler
monkey.

Vanquished Creatures
  3 two-headed ogres
  Erica (D:8)
  An unseen horror (D:10)
  A manticore (D:11)
  2 ugly things
  2 slime creatures (D:12)
  Maurice (D:8)
  4 trolls
  Sigmund (D:4)
  A vampire (D:12)
  Eustachio (D:4)
  7 orc warriors
  6 ice beasts
  An eye of draining (D:11)
  A necrophage (D:10)
  4 phantoms
  5 ogres
  A centaur (D:5)
  4 big kobolds
  7 bullfrogs
  An elf skeleton (D:5)
  A water moccasin zombie (D:5)
  2 wyvern zombies
  A scorpion (D:9)
  A water moccasin skeleton (D:4)
  4 killer bees (D:10)
  8 wights (D:7)
  4 howler monkeys
  7 bullfrog zombies
  2 centaur zombies (Ossuary)
  A quasit (D:10)
  11 orc priests
  2 centaur skeletons
  2 jellies
  4 hounds
  A human zombie (D:5)
  A bullfrog skeleton (D:8)
  8 mummies (Ossuary)
  3 human skeletons (D:5)
  Natasha (twice) (D:2)
  Terence (D:2)
  5 iguanas
  17 orc wizards
  8 worker ants
  2 killer bee zombies
  A hound zombie (Ossuary)
  6 worker ant zombies
  4 gnolls (D:11)
  4 howler monkey zombies
  A howler monkey skeleton (D:7)
  14 adders
  2 white imps
  2 ufetubi
  5 adder zombies
  An adder skeleton (D:9)
  A worm (D:3)
  A dart slug (D:3)
  8 leopard geckos
  38 orcs
  6 ball pythons
  8 giant cockroaches
  4 goblins
  4 hobgoblins
  10 jackals
  2 quokkas
  7 bats
  4 frilled lizards
  A giant cockroach zombie (Ossuary)
  A jackal skeleton (D:5)
  26 kobolds
  A leopard gecko skeleton (D:5)
  2 leopard gecko zombies
  An orc skeleton (D:5)
  A quokka zombie (Ossuary)
  7 rats
326 creatures vanquished.

Vanquished Creatures (collateral kills)
  A water moccasin (D:10)
  A bullfrog (D:8)
  A killer bee (D:10)
  An orc (D:10)
4 creatures vanquished.

Vanquished Creatures (others)
  A fungus (D:7)
  A plant (D:7)
  8 withered plants (Ossuary)
10 creatures vanquished.

Grand Total: 340 creatures vanquished

Notes
Turn   | Place    | Note
-------+----------+-------------------------------------------
     0 | D:1      | Azzok the Demonspawn Berserker began the quest for the Orb.
     0 | D:1      | Reached XP level 1. HP: 18/18 MP: 1/1
   544 | D:1      | Gained mutation: You regenerate a little health from kills.
                  | [demonic ancestry]
   544 | D:1      | Reached XP level 2. HP: 9/24 MP: 2/2
  1130 | D:2      | Gained mutation: You have a somewhat thin skeletal
                  | structure. (Dex +2, Stealth) [demonic ancestry]
  1130 | D:2      | Reached XP level 3. HP: 21/29 MP: 3/3
  1360 | D:2      | Noticed Natasha
  1368 | D:2      | Killed Natasha
  1368 | D:2      | Gained mutation: You have a moderately thin skeletal
                  | structure. (Dex +4, Stealth+) [demonic ancestry]
  1368 | D:2      | Reached XP level 4. HP: 35/35 MP: 4/4
  1383 | D:2      | Noticed Natasha
  1553 | D:2      | Killed Natasha
  1665 | D:2      | Noticed Terence
  1673 | D:2      | Killed Terence
  1673 | D:2      | Reached XP level 5. HP: 41/41 MP: 5/5
  2176 | D:3      | Reached ** piety under Trog
  2871 | D:3      | Gained mutation: You have sharp fingernails. [demonic
                  | ancestry]
  2871 | D:3      | Reached XP level 6. HP: 41/48 MP: 6/6
  3656 | D:4      | Noticed Eustachio
  3676 | D:4      | Killed Eustachio
  3676 | D:4      | Reached skill level 5 in Axes
  3737 | D:4      | Found a runed translucent door.
  3742 | D:4      | Noticed kae's ghost (amateur NaTm)
  3892 | D:4      | Found Gefatiq's Assorted Antiques.
  3918 | D:4      | Noticed Sigmund
  3952 | D:4      | Reached skill level 1 in Shields
  3998 | D:4      | HP: 1/48 [Sigmund/magic dart (9)]
  4280 | D:4      | Killed Sigmund
  4280 | D:4      | Reached XP level 7. HP: 41/55 MP: 7/7
  4616 | D:4      | Found an ancient bone altar of Kikubaaqudgha.
  4801 | D:4      | Found Zanan's Elemental Accessories.
  5170 | D:5      | Entered Level 5 of the Dungeon
  5403 | D:5      | Reached XP level 8. HP: 24/61 MP: 8/8
  5479 | D:5      | Found a sand-covered staircase.
  5491 | Ossuary  | Entered an ossuary
  5623 | Ossuary  | Reached *** piety under Trog
  5809 | Ossuary  | Reached skill level 5 in Fighting
  6584 | D:5      | Found a shimmering altar of Xom.
  6588 | D:5      | Found a shimmering altar of Xom.
  6590 | D:5      | Found a shimmering altar of Xom.
  6591 | D:5      | Found a shimmering altar of Xom.
  7109 | D:5      | Reached **** piety under Trog
  7167 | D:5      | Found a broken altar of Ashenzari.
  7286 | D:5      | Reached XP level 9. HP: 43/69 MP: 9/9
  7379 | D:5      | Found a staircase to the Ecumenical Temple.
  7802 | D:6      | Found a hide-covered altar of Uskayaw.
  7945 | D:6      | Found Nuatt's Antique Weapon Boutique.
  8396 | D:7      | Reached skill level 5 in Dodging
  8471 | D:7      | Reached skill level 5 in Armour
  8811 | D:7      | Reached ***** piety under Trog
  9177 | D:7      | Found a runed translucent gate.
  9178 | D:7      | Found a runed translucent gate.
  9178 | D:7      | Found a runed translucent gate.
  9178 | D:7      | Noticed Asymodius's ghost (novice DsFi)
  9513 | D:8      | Found a burning altar of Makhleb.
  9514 | D:8      | Noticed Maurice
  9687 | D:8      | Killed Maurice
  9687 | D:8      | Gained mutation: A weak demonic guardian rushes to your
                  | aid. [demonic ancestry]
  9687 | D:8      | Reached XP level 10. HP: 71/77 MP: 10/10
  9749 | D:8      | Got a translucent battleaxe
  9845 | D:8      | Noticed Erica
  9856 | D:8      | Killed Erica
 10215 | D:9      | Found Amidum's Weapon Shop.
 10315 | D:9      | Found Umamnat's Assorted Antiques.
 10360 | D:9      | Found a staircase to the Lair.
 10503 | D:9      | Reached skill level 1 in Unarmed Combat
 10999 | D:10     | Entered Level 10 of the Dungeon
 11231 | D:10     | HP: 1/79 [something (8)]
 11248 | D:10     | Killed an unseen horror
 11385 | D:10     | Identified the +4 battleaxe of Starshine {freeze, rElec MR-
                  | Stlth+} (You found it on level 8 of the Dungeon)
 11469 | D:10     | Found a glowing silver altar of Zin.
 11997 | D:10     | Received a gift from Trog
 11998 | D:10     | Noticed a two-headed ogre
 12010 | D:10     | Killed a two-headed ogre
 12383 | D:10     | Gained mutation: You have very sharp fingernails. [demonic
                  | ancestry]
 12383 | D:10     | Reached XP level 11. HP: 86/86 MP: 11/11
 12650 | D:10     | Found a staircase to the Orcish Mines.
 12934 | D:11     | Noticed a two-headed ogre
 12935 | D:11     | Noticed a two-headed ogre
 12936 | D:11     | Noticed a purple ugly thing
 12975 | D:10     | Killed a purple ugly thing
 13113 | D:11     | Killed a two-headed ogre
 13118 | D:11     | Killed a two-headed ogre
 13183 | D:11     | Noticed a brown ugly thing
 13191 | D:11     | Killed a brown ugly thing
 13249 | D:11     | Found Laohumy's Antique Weapon Shop.
 13882 | D:12     | Noticed a boulder beetle
 14277 | D:12     | Noticed Frances
 14291 | D:12     | Noticed a sun demon
 14294 | D:12     | Reached skill level 5 in Unarmed Combat
 14296 | D:12     | Noticed a sixfirhy
 14310 | D:12     | Killed from afar by Frances

Illustrated notes

Levels and vault maps discovered:
D:1:      roderic_chinese_lattice_arrival, layout_basic, minivault_26,
          minmay_stone_trees_medium
D:2:      layout_basic, kennysheep_generic_room_7, uniq_terence, uniq_natasha
D:3:      layout_basic
D:4:      layout_basic, kiku_gazebo_garden_becter, serial_shops,
          nicolae_shop_overgrown_old_shop, ebering_ghost_reflecting_pool,
          nicolae_elemental_shop, uniq_sigmund, uniq_eustachio
D:5:      layout_basic, lemuel_coloured_pillars_altar,
          minmay_temple_entry_junction_2, nicolae_ossuary_entry_catacombs,
          gup_sewer_entry_pipe, xom_redecorated
D:6:      layout_loops_ring, old_standard_altar, serial_shops, shop,
          nicolae_zen_rock_garden
D:7:      minmay_chambers_of_fours, layout_rooms, gammafunk_ghost_nasty_kobolds
D:8:      layout_cave_pools, nicolae_overflow_crystal_walls, uniq_maurice,
          uniq_erica
D:9:      layout_basic, lair_entry_dummy, serial_shops, shop, nicolae_shop_trees
D:10:     layout_layer_cave, david_orc_4, basic_altar
D:11:     layout_basic, serial_shops, nicolae_shop_behind_doors
D:12:     layout_rooms, special_room [special_room_bee], uniq_frances

Skill      XL: |  1  2  3  4  5  6  7  8  9 10 11 |
---------------+----------------------------------+-----
Axes           | 3 4 5 6 7 8 9 |  9.1
Armour         | 2 3 4 5 7 8 |  8.1
Dodging        | 2 3 4 5 7 8 |  8.2
Fighting       | 4 5 6 8 9 |  9.2
Shields        | 1 2 3 4 |  4.0
Unarmed Combat | 3 5 |  5.1

Action                   |  1- 3 |  4- 6 |  7- 9 | 10-12 || total
-------------------------+-------+-------+-------+-------++-------
Melee: Hand axe          |    65 |   193 |   250 |       ||   508
       War axe           |       |       |   385 |   359 ||   744
Invok: Berserk           |     3 |     5 |     3 |     8 ||    19
       Trog's Hand       |       |     1 |       |     2 ||     3
  Use: Scroll            |       |     7 |    12 |     8 ||    27
       Potion            |       |     4 |       |     1 ||     5
 Stab: Sleeping          |       |     3 |     7 |       ||    10
       Distracted        |       |     1 |     2 |     3 ||     6
Armor: Animal skin       |    11 |       |       |       ||    11
       Ring mail         |    16 |     6 |       |       ||    22
       Scale mail        |       |    77 |   142 |       ||   219
       Skin              |       |    11 |       |       ||    11
       Plate armour      |       |       |    84 |   210 ||   294
Dodge: Dodged            |    37 |    64 |   221 |   195 ||   517
Block: Kite shield       |       |    43 |   233 |    80 ||   356
       Buckler           |       |       |       |    41 ||    41

Table legend: (Time is in decaauts)
 A = Elapsed time spent in this place.
 B = Non-inter-level travel time spent in this place.
 C = Inter-level travel time spent in this place.
 D = Time resting spent in this place.
 E = Time spent auto-exploring this place.
 F = Levels seen in this place.
 G = Mean time per level.
                   A        B        C        D        E       F      G
               +--------+--------+--------+--------+--------+-----+--------+
         Total |  14680 |  14342 |    338 |   2479 |   8819 |  13 | 1129.2 |
       Dungeon |  13628 |  13290 |    338 |   1942 |   8696 |  12 | 1135.7 |
       Ossuary |   1051 |   1051 |      0 |    537 |    122 |   1 | 1051.0 |
               +--------+--------+--------+--------+--------+-----+--------+

Top non-repeatable levels by time:
    D:10: 1979 daAuts
     D:3: 1733 daAuts
     D:4: 1477 daAuts
     D:5: 1376 daAuts
     D:1: 1082 daAuts
     D:7: 1059 daAuts
 Ossuary: 1051 daAuts
     D:2: 991 daAuts
     D:9: 953 daAuts
    D:11: 834 daAuts
     D:8: 812 daAuts
     D:6: 767 daAuts
    D:12: 562 daAuts
